AoeStats
← [NOE] Jupiter

Nomad

509468815Analyzed
2v2 RM · 6d ago on Sep 26, 2026· 73m 3s· 4 players
Game mode
Random Map
Map size
176×176
Population
200
Speed
Normal
Resources
Standard
Victory
Conquest
Starting age
Dark Age
Ending age
Imperial Age
RankedLock teamsTeams togetherTeam positionsShared explorationLock speedFull tech treeHidden civsTurbo modeCheats
Victory
Defeat
🇬🇧 Teutons · United Kingdom
1553
+13
🇦🇷 Goths · Argentina
1392
+20
🇫🇷 Sicilians · France
1485
-17
🇫🇷 Chinese · France
1460
-16
[NOE] Jupiter
3:24 Loom
13:44 Feudal Age
18:06 Castle Age
19:32 Fletching
20:56 Bodkin Arrow
21:24 Fishing Lines
28:08 Ballistics
28:02 Double-Bit Axe
30:31 Bow Saw
32:06 Wheelbarrow
34:36 Padded Archer Armor
36:42 Horse Collar
39:15 Hand Cart
42:09 Imperial Age
41:05 Leather Archer Armor
41:37 Masonry
42:17 Town Watch
43:12 Conscription
42:53 Bracer
43:30 Conscription
44:38 Chemistry
44:01 Scale Barding Armor
44:07 Forging
44:14 Cavalier
44:54 Husbandry
44:45 Elite Chu Ko Nu
45:45 Bloodlines
46:47 Gold Mining
48:02 Two-Man Saw
47:41 Chain Barding Armor
49:24 Plate Barding Armor
53:00 Heavy Plow
55:04 Iron Casting
57:15 Ring Archer Armor
57:46 Blast Furnace
69:13 Scale Mail Armor
[NOE] Lyrendir
11:59 Feudal Age
12:49 Loom
13:30 Fletching
15:41 Scale Mail Armor
16:22 Forging
18:57 Town Watch
20:31 Wheelbarrow
20:29 Fishing Lines
28:05 Castle Age
27:12 Double-Bit Axe
27:16 Horse Collar
29:07 Pikeman
52:13 Stone Mining
63:31 Murder Holes
63:57 Ballistics
Cicdolfin
5:01 Loom
15:04 Feudal Age
16:38 Fletching
20:51 Town Watch
25:32 Fishing Lines
28:17 Castle Age
26:24 Double-Bit Axe
27:26 Gold Mining
28:59 Bodkin Arrow
29:22 Medium Warships
30:15 Bow Saw
30:55 Stone Mining
33:43 Wheelbarrow
35:06 Gillnets
40:07 Imperial Age
37:52 Squires
41:46 Crenellations
42:32 Conscription
43:49 Masonry
44:17 Padded Archer Armor
45:26 Ballistics
44:45 Elite Skirmisher
46:19 Leather Archer Armor
48:01 Chemistry
48:52 Ring Archer Armor
49:05 Scale Mail Armor
49:16 Forging
54:47 Chain Mail Armor
58:13 Guilds
58:45 Siege Engineers
61:40 Elite Teutonic Knight
62:50 Pikeman
64:40 Plate Mail Armor
67:25 Iron Casting
72:14 Blast Furnace
73:44 Hand Cart
AWAKALTA
4:07 Loom
12:32 Feudal Age
16:50 Castle Age
16:13 Bloodlines
21:09 Husbandry
23:00 Scale Barding Armor
23:29 Medium Warships
23:13 Town Watch
24:01 Fishing Lines
24:50 Forging
26:49 Chain Barding Armor
30:46 Man-at-Arms
33:55 Squires
34:18 Scale Mail Armor
37:47 Double-Bit Axe
38:43 Horse Collar
42:25 Wheelbarrow
42:27 Heavy Plow
42:39 Bow Saw
44:32 Hand Cart
44:15 Gillnets
48:34 Imperial Age
47:00 Iron Casting
46:42 Chain Mail Armor
49:27 Anarchy
48:48 Elite Huskarl
49:10 Capped Ram
50:18 Conscription
50:10 Gold Mining
51:55 Pikeman
54:44 Blast Furnace
59:17 Halberdier
59:36 Light Cavalry
61:44 Padded Archer Armor
64:11 Two-Man Saw
Connection lost

Rejoining the realm…

Still unreachable

The connection could not be restored.

Session expired

The server has moved on; the page needs a fresh start.